 Dungeon Crawl Stone Soup version 0.22.0-6-g71bd7aa6b3 (webtiles) character file.

109 Silim the Magician (level 5, -4/35 HPs)
             Began as a Human Wizard on Aug 15, 2018.
             Killed from afar by Ijyb (9 damage)
             ... with a wand of flame (19)
             ... on level 3 of the Dungeon.
             The game lasted 00:14:15 (2552 turns).

Silim the Magician (Human Wizard)                   Turns: 2552, Time: 00:14:16

Health: -4/35      AC:  3    Str:  7    XL:     5   Next: 13%
Magic:  1/10       EV: 12    Int: 20    God:
Gold:   126        SH:  0    Dex: 11    Spells: 3/11 levels left

rFire    . . .     SeeInvis +   e - +0 hand axe
rCold    . . .     Gourm    .   (no shield)
rNeg     . . .     Faith    .   a - +0 robe
rPois    .         Spirit   .   b - +0 hat
rElec    .         Reflect  .   (no cloak)
rCorr    .         Harm     .   l - +0 pair of gloves
MR       .....                  (no boots)
Stlth    ++........             (no amulet)
HPRegen  0.11/turn              j - ring of see invisible
MPRegen  0.12/turn              (no ring)

@: no status effects
A: no striking features
a: no special abilities


You were on level 3 of the Dungeon.
You were not hungry.

You visited 1 branch of the dungeon, and saw 3 of its levels.

You collected 126 gold pieces.

Inventory:

Hand Weapons
 e - a +0 hand axe (weapon)
Armour
 a - a +0 robe (worn)
 b - a +0 hat (worn)
 l - a +0 pair of gloves (worn)
Jewellery
 j - a ring of see invisible (left hand)
Scrolls
 g - 3 scrolls of remove curse {unknown}
 i - a scroll of teleportation {unknown}
 k - a scroll of noise {unknown}
Potions
 f - a potion of invisibility {unknown}
Comestibles
 d - 5 rations


   Skills:
 - Level 2.0 Dodging
 - Level 2.0 Stealth
 + Level 3.8 Spellcasting
 * Level 3.7 Conjurations
 - Level 1.0 Summonings
 - Level 1.0 Translocations


You had 3 spell levels left.
You knew the following spells:

 Your Spells              Type           Power        Failure   Level  Hunger
a - Magic Dart            Conj           ###.         2%          1    None
b - Call Imp              Summ           #.......     13%         2    ##.....
c - Blink                 Tloc           N/A          13%         2    ##.....
d - Conjure Flame         Conj/Fire      ##......     19%         3    ###....

Your spell library contained the following spells:

 Spells                   Type           Power        Failure   Level  Hunger
 Slow                     Hex            #.......     21%         2    ##.....
 Mephitic Cloud           Conj/Pois/Air  #.......     24%         3    ###....


Dungeon Overview and Level Annotations

Branches:
Dungeon (3/15)

Altars:

Annotations:
D:3 Ijyb


Message History

Ijyb zaps a wand.
The puff of flame hits you!
* * * LOW HITPOINT WARNING * * *
Your iron imp closely misses Ijyb.
Your iron imp hits Ijyb.
What are your orders? t - Shout!
Orders for allies: a - Attack new target. p - Attack previous target. r - Retreat! s - Stop attacking. g - Guard the area. f - Follow me.
Anything else - Cancel.
Gang up on whom?
Press: ? - help, Dir - move target cursor, f/p - Ijyb
Aim: Ijyb, wearing a leather armour and carrying a wand of flame (20) (heavily wounded) Attack!
That item cannot be evoked!
Ijyb zaps a wand.
The puff of flame hits you!
* * * LOW HITPOINT WARNING * * *
Your iron imp says, "Uh-oh!
Wait.
OK."
Ijyb zaps a wand.
The puff of flame hits you!
You die...

############.##...##
##.........##.#8...8#
....######....##...##
........########...#
#.......... ##.†5##
........#.. #8..g8#
........# ##...##
#.......#8###8##...##8##
#...............@........
##...............⌠.......
.........................
........#8###8##)..##8###
#.. ## #...# ## #.. 8...8
#...## #... #...# ....


You could see Ijyb and a friendly iron imp.

Vanquished Creatures
  2 adders (D:2)
  2 dart slugs (D:1)
  3 leopard geckos
  A ball python (D:3)
  2 giant cockroaches
  2 hobgoblins
  4 jackals
  2 kobolds
  4 bats
  2 frilled lizards (D:1)
  3 goblins
  4 rats
31 creatures vanquished.

Vanquished Creatures (collateral kills)
  An orc priest (D:3)
  An orc wizard (D:3)
  A gnoll (D:1)
  An adder (D:3)
  2 orcs (D:3)
  2 giant cockroaches (D:1)
  3 goblins
  2 jackals (D:1)
  A bat (D:1)
  A frilled lizard (D:1)
  A rat (D:1)
16 creatures vanquished.

Vanquished Creatures (others)
  4 toadstools (D:1)
4 creatures vanquished.

Grand Total: 51 creatures vanquished

Notes
Turn   | Place    | Note
-------+----------+-------------------------------------------
     0 | D:1      | Silim the Human Wizard began the quest for the Orb.
     0 | D:1      | Reached XP level 1. HP: 13/13 MP: 4/4
   235 | D:1      | Reached XP level 2. HP: 19/19 MP: 1/6
   239 | D:1      | Learned a level 2 spell: Call Imp
   388 | D:1      | Learned a level 2 spell: Blink
   901 | D:1      | Reached XP level 3. HP: 24/24 MP: 0/7
   970 | D:1      | Learned a level 3 spell: Conjure Flame
  2061 | D:2      | HP: 1/24 [adder (3)]
  2069 | D:2      | Reached XP level 4. HP: 21/30 MP: 1/9
  2177 | D:2      | You fall through a shaft!
  2356 | D:3      | Reached XP level 5. HP: 35/35 MP: 4/10
  2515 | D:3      | Noticed Ijyb
  2552 | D:3      | Killed from afar by Ijyb

Skill      XL: |  1  2  3  4 |
---------------+-------------+-----
Conjurations   | 2 3 |  3.7
Dodging        | |  2.0
Stealth        | |  2.0
Spellcasting   | |  3.8
Summonings     | |  1.0
Translocations | |  1.0

Action                   |  1- 3 |  4- 6 || total
-------------------------+-------+-------++-------
Melee: Hand axe          |    14 |     3 ||    17
 Cast: Magic Dart        |    50 |    22 ||    72
       Call Imp          |    10 |     5 ||    15
       Conjure Flame     |     1 |       ||     1
       Blink             |     1 |       ||     1
  Use: Scroll            |     2 |       ||     2
       Potion            |     1 |       ||     1
  Eat: Chunk             |     3 |     3 ||     6
Armor: Robe              |    14 |     3 ||    17
Dodge: Dodged            |    40 |     3 ||    43
